 Dungeon Crawl Stone Soup version 0.22.1 (webtiles) character file.

19073 MalarOregon the Cleaver (level 12, 0/111 HPs)
             Began as a Hill Orc Berserker on Sept 17, 2018.
             Was a High Priest of Trog.
             Slain by a blink frog (12 damage)
             ... on level 2 of the Lair of Beasts.
             The game lasted 00:22:51 (14519 turns).

MalarOregon the Cleaver (Hill Orc Berserker)       Turns: 14519, Time: 00:22:52

Health: 0/111      AC: 19    Str: 25    XL:     12   Next: 65%
Magic:  5/5        EV: 12    Int:  7    God:    Trog [*****.]
Gold:   635        SH:  0    Dex: 10    Spells: 11/11 levels left

rFire    . . .     SeeInvis +   z - +1 executioner's axe (antimagic)
rCold    + . .     Gourm    .   (shield currently unavailable)
rNeg     . . .     Faith    .   t - +0 chain mail
rPois    .         Spirit   .   J - +0 hat {SInv}
rElec    .         Reflect  .   w - +2 cloak {+Inv}
rCorr    +         Harm     .   e - +1 pair of gloves {archery}
MR       .....                  F - +0 pair of boots
Stlth    ..........             (no amulet)
HPRegen  0.28/turn              n - ring of protection from cold
MPRegen  0.09/turn              D - ring of resist corrosion

@: no status effects
A: no striking features
a: Berserk, Trog's Hand, Brothers in Arms, Renounce Religion, Evoke Invisibility


You were on level 2 of the Lair of Beasts.
You worshipped Trog.
Trog was extremely pleased with you.
You were hungry.

You visited 2 branches of the dungeon, and saw 13 of its levels.
You also visited: Ossuary.

You collected 635 gold pieces.

Inventory:

Hand Weapons
 z - a +1 antimagic executioner's axe (weapon)
 A - a +2 fustibalus of flaming
 C - the +8 dagger "Aqisun" {freeze, +Rage rPois MR+ Dex+4}
   (You found it on level 1 of the Lair of Beasts)

   It has been specially enchanted to freeze those struck by it, causing extra
   injury to most foes and up to half again as much damage against particularly
   susceptible opponents.
   It can also slow down cold-blooded creatures.
   It affects your dexterity (+4).
   It protects you from poison.
   It affects your resistance to hostile enchantments.
   It lets you go berserk.
Missiles
 a - 27 sling bullets
Armour
 e - a +1 pair of gloves of archery (worn)
 t - a +0 chain mail (worn)
 w - a +2 cloak of invisibility (worn)
 F - a +0 pair of boots (worn)
 J - a +0 hat of see invisible (worn)
Jewellery
 n - a ring of protection from cold (left hand)
 p - an uncursed ring of fire
 D - a ring of resist corrosion (right hand)
 H - a +5 ring of strength
Wands
 d - a wand of paralysis (25)
 m - a wand of iceblast (21)
 u - a wand of random effects (28)
 I - a wand of flame (18)
Scrolls
 f - 6 scrolls of remove curse
 g - a scroll of noise {unknown}
 i - 2 scrolls of blinking
 j - 9 scrolls of teleportation
 k - 5 scrolls of identify
 l - 2 scrolls of fog
 E - a scroll of vulnerability {unknown}
Potions
 b - 2 potions of haste
 h - a potion of heal wounds
 o - 5 potions of curing
 q - 3 potions of brilliance
 r - 2 potions of flight
 s - a potion of cancellation
 x - a potion of ambrosia {unknown}
 B - a potion of lignification {unknown}
 G - a potion of degeneration {unknown}
Comestibles
 c - 21 rations
 v - 3 chunks of flesh


   Skills:
 + Level 11.7 Fighting
 - Level 14.0 Axes
 + Level 10.6 Armour
 + Level 8.2 Dodging
 + Level 6.3 Evocations


You had 11 spell levels left.
You didn't know any spells.
Your spell library was empty.

Dungeon Overview and Level Annotations

Branches:
Dungeon (11/15)            Temple (0/1) D:7            Lair (2/6) D:9
    Orc (0/2) D:11
  Swamp: Lair:2-4    Shoals: Lair:2-4     Snake: Lair:2-4    Spider: Lair:2-4

Altars:
Ashenzari
Makhleb
Okawaru
Qazlal
Uskayaw
Vehumet
Yredelemnul
Zin

Shops:
D:8 }


Message History

The blink frog is severely wounded.
You barely miss the blink frog.
The blink frog hits you but does no damage.
The blink frog hits you.
* * * LOW HITPOINT WARNING * * *
The blink frog hits you but does no damage.
You cut the blink frog into ribbons!!!
You kill the blink frog!
Trog accepts your kill.
You hit the blink frog.
The blink frog's magic leaks into the air.
The blink frog hits you.
* * * LOW HITPOINT WARNING * * *
The blink frog hits you!
* * * LOW HITPOINT WARNING * * *
You hit the blink frog.
The blink frog's magic leaks into the air.
The blink frog is severely wounded.
The blink frog barely misses you. The blink frog hits you!
You die...

.....#............
............#.P###
..
..............>.#
#..
.P#.#.P...#.#...#
...P . #
###.####....##.P..
#..# ###...#..#..
#..#.#.†$........
#P...........###.
####.###.@#..# ..
#.F<#..... ..
#.... ..#.. #
##........P
##.......P
#.##..P.# ### ...
?..


You could see a blink frog.

Vanquished Creatures
  Gastronok (Lair:1)
  Snorg (D:10)
  Harold (D:9)
  Erica (Lair:1)
  The ghost of Ymberto the Fighter, a novice HuHu (D:7)
  An unseen horror (D:10)
  Pikel (D:8)
  Maurice (D:10)
  A rime drake (Lair:1)
  3 komodo dragons
  2 trolls
  2 slime creatures (D:6)
  A hornet (D:10)
  Prince Ribbit (Lair:1)
  4 blink frogs
  3 hippogriffs
  A wraith (D:11)
  A human (D:7)
  2 wyverns
  4 hogs (D:7)
  A basilisk (Lair:2)
  2 hungry ghosts
  A steam dragon (D:11)
  3 wargs (D:9)
  Edmund (D:5)
  A water moccasin (D:8)
  2 porcupines (Lair:1)
  5 ice beasts
  2 orc warriors
  A sky beast (D:9)
  2 slaves (D:8)
  3 black bears
  5 phantoms
  3 necrophages
  5 ogres
  4 centaurs
  A crocodile (Lair:1)
  5 big kobolds
  6 bullfrogs
  An elf zombie (Ossuary)
  2 wyvern zombies (D:8)
  A water moccasin zombie (D:7)
  A wyvern skeleton (D:6)
  5 scorpions
  10 killer bees
  8 wights
  4 howler monkeys
  4 crimson imps
  6 hounds
  3 centaur skeletons
  3 jellies
  17 orc wizards
  A quasit (D:9)
  2 bullfrog skeletons
  4 centaur zombies
  A gnoll shaman (D:6)
  17 orc priests
  4 human zombies
  4 worker ants
  A human skeleton (D:7)
  4 iguanas
  A big kobold zombie (Ossuary)
  A hound skeleton (D:4)
  2 mummies (Ossuary)
  14 adders
  12 gnolls
  2 shadow imps (D:7)
  2 white imps (D:7)
  A worker ant simulacrum (D:7)
  9 oozes
  2 adder skeletons (D:9)
  2 adder zombies
  2 worms (D:2)
  5 dart slugs
  5 leopard geckos
  45 orcs
  4 giant cockroaches
  12 goblins
  9 hobgoblins
  8 jackals
  A quokka (D:6)
  2 ball pythons
  11 bats
  7 frilled lizards
  A goblin zombie (Ossuary)
  11 hobgoblin zombies (Ossuary)
  A jackal simulacrum (D:7)
  A jackal zombie (D:8)
  29 kobolds
  11 kobold zombies (Ossuary)
  An orc skeleton (D:7)
  9 orc zombies
  4 rats
  A spectral orc (D:3)
  A fungus (Lair:1)
418 creatures vanquished.

Vanquished Creatures (collateral kills)
  Nergalle (Lair:1)
  A hippogriff (Lair:1)
  A quokka simulacrum (D:7)
3 creatures vanquished.

Vanquished Creatures (others)
  2 fungi (D:6)
  13 toadstools
15 creatures vanquished.

Grand Total: 436 creatures vanquished

Notes
Turn   | Place    | Note
-------+----------+-------------------------------------------
     0 | D:1      | MalarOregon the Hill Orc Berserker began the quest for the
                  | Orb.
     0 | D:1      | Reached XP level 1. HP: 19/19 MP: 1/1
    65 | D:1      | Reached XP level 2. HP: 25/27 MP: 2/2
   971 | D:2      | Reached XP level 3. HP: 6/33 MP: 3/3
  1703 | D:2      | Reached skill level 5 in Axes
  1793 | D:2      | Noticed a scorpion
  1802 | D:2      | Killed a scorpion
  1802 | D:2      | Reached XP level 4. HP: 33/41 MP: 4/4
  1883 | D:2      | Reached ** piety under Trog
  1932 | D:2      | Reached XP level 5. HP: 47/47 MP: 5/5
  2491 | D:2      | Reached skill level 6 in Axes
  2896 | D:3      | Found a shattered altar of Ashenzari.
  3064 | D:3      | Reached XP level 6. HP: 33/53 MP: 6/6
  3285 | D:3      | Found a basalt altar of Yredelemnul.
  3392 | D:3      | Found a faded altar of an unknown god.
  3432 | D:3      | Found a stormy altar of Qazlal.
  3720 | D:4      | Reached *** piety under Trog
  3750 | D:4      | Reached skill level 5 in Fighting
  3959 | D:4      | Found an iron altar of Okawaru.
  4030 | D:4      | Noticed a phantom
  4060 | D:4      | Killed a phantom
  4060 | D:4      | Reached skill level 7 in Axes
  4060 | D:4      | Reached XP level 7. HP: 61/61 MP: 7/7
  4261 | D:4      | Found a glowing silver altar of Zin.
  4286 | D:4      | Reached skill level 8 in Axes
  4685 | D:5      | Entered Level 5 of the Dungeon
  4805 | D:5      | Noticed Edmund
  4816 | D:5      | Reached XP level 8. HP: 70/70 MP: 8/8
  4825 | D:5      | Killed Edmund
  4924 | D:5      | Reached skill level 5 in Armour
  5246 | D:5      | Reached skill level 9 in Axes
  5673 | D:6      | Noticed a slime creature
  5673 | D:6      | Noticed a slime creature
  5689 | D:6      | Killed a slime creature
  5691 | D:6      | Reached **** piety under Trog
  5694 | D:6      | Reached skill level 10 in Axes
  5694 | D:6      | Reached XP level 9. HP: 62/78 MP: 9/9
  5880 | D:6      | Noticed a troll
  5896 | D:6      | Killed a troll
  6400 | D:6      | Reached skill level 11 in Axes
  6790 | D:7      | Reached skill level 5 in Dodging
  6810 | D:7      | Found a runed gate.
  6822 | D:7      | Found a runed gate.
  6823 | D:7      | Found a runed gate.
  6868 | D:7      | Found a staircase to the Ecumenical Temple.
  6899 | D:7      | Reached ***** piety under Trog
  6899 | D:7      | Reached XP level 10. HP: 55/88 MP: 10/10
  6971 | D:7      | Reached skill level 12 in Axes
  7007 | D:7      | Found a sand-covered staircase.
  7204 | Ossuary  | Entered an ossuary
  7754 | D:7      | Found a radiant altar of Vehumet.
  7754 | D:7      | Found a hide-covered altar of Uskayaw.
  7759 | D:7      | Found an iron altar of Okawaru.
  7761 | D:7      | Found a burning altar of Makhleb.
  7763 | D:7      | Found a faded altar of an unknown god.
  7931 | D:7      | Noticed Ymberto's ghost (novice HuHu)
  8248 | D:7      | Killed Ymberto's ghost
  8248 | D:7      | Reached skill level 13 in Axes
  8960 | D:8      | Reached skill level 1 in Evocations
  9131 | D:8      | Noticed Pikel
  9155 | D:8      | Killed Pikel
  9155 | D:8      | Reached XP level 11. HP: 66/97 MP: 12/12
  9381 | D:8      | Found Sahochi's Gadget Shoppe.
  9818 | D:9      | Received a gift from Trog
  9903 | D:9      | Noticed Harold
  9915 | D:9      | Killed Harold
 10079 | D:9      | Reached skill level 14 in Axes
 10080 | D:9      | Paralysed by something for 7 turns
 10092 | D:9      | Paralysed by something for 5 turns
 10508 | D:9      | Reached skill level 10 in Fighting
 10734 | D:9      | Found a staircase to the Lair.
 10792 | D:10     | Entered Level 10 of the Dungeon
 10821 | D:10     | Noticed Snorg
 10835 | D:10     | HP: 5/148 [Snorg (17)]
 10837 | D:10     | Killed Snorg
 11141 | D:10     | Noticed Maurice
 11150 | D:10     | Killed Maurice
 11899 | D:10     | Received a gift from Trog
 12235 | D:10     | Killed an unseen horror
 12523 | D:11     | Reached XP level 12. HP: 108/108 MP: 5/15
 12560 | D:11     | Reached skill level 5 in Evocations
 13008 | D:11     | Found a staircase to the Orcish Mines.
 13075 | D:11     | Reached skill level 10 in Armour
 13264 | Lair:1   | Entered Level 1 of the Lair of Beasts
 13409 | Lair:1   | Noticed Nergalle
 13419 | Lair:1   | Killed Nergalle
 13443 | Lair:1   | Noticed Gastronok
 13450 | Lair:1   | Killed Gastronok
 13485 | Lair:1   | Noticed Erica
 13496 | Lair:1   | Killed Erica
 13636 | Lair:1   | Noticed Prince Ribbit
 13640 | Lair:1   | Killed Prince Ribbit
 14174 | Lair:1   | Got an ancient dagger
 14236 | Lair:1   | Identified the +8 dagger "Aqisun" {freeze, +Rage rPois MR+
                  | Dex+4} (You found it on level 1 of the Lair of Beasts)
 14519 | Lair:2   | Slain by a blink frog

Skill      XL: |  1  2  3  4  5  6  7  8  9 10 11 12 |
---------------+-------------------------------------+-----
Fighting       | 4 5 6 8 9 10 11 | 11.7
Dodging        | 2 3 4 5 6 7 8 |  8.2
Axes           | 5 6 7 8 10 11 13 14 | 14.0
Armour         | 3 4 5 7 8 9 10 | 10.6
Evocations     | 1 4 6 |  6.3

Action                   |  1- 3 |  4- 6 |  7- 9 | 10-12 || total
-------------------------+-------+-------+-------+-------++-------
Melee: Hand axe          |   113 |   213 |   418 |   595 ||  1339
       Executioner's axe |       |       |       |   349 ||   349
Throw: Throwing net      |       |       |       |     1 ||     1
Invok: Berserk           |     1 |     2 |     7 |     7 ||    17
       Brothers in Arms  |       |       |       |     2 ||     2
       Trog's Hand       |       |       |       |     1 ||     1
  Use: Scroll            |       |       |    11 |     6 ||    17
       Potion            |       |       |       |     3 ||     3
 Stab: Held in net/web   |       |       |       |     1 ||     1
  Eat: Chunk             |     3 |     8 |    13 |    31 ||    55
       Ration            |       |       |     1 |     2 ||     3
Armor: Leather armour    |    17 |    14 |       |       ||    31
       Animal skin       |     8 |       |       |       ||     8
       Scale mail        |       |    41 |       |       ||    41
       Chain mail        |       |    30 |   211 |   603 ||   844
Dodge: Dodged            |    86 |   128 |   168 |   550 ||   932
